 Dungeon Crawl Stone Soup version 0.29.1-15-g9cfb28693d (webtiles) character file.

Game seed: 11812534872916198206

500 promet the Caller (level 7, -3/33 HPs)
             Began as a Vine Stalker Wanderer on Mar 24, 2023.
             Was an Initiate of Ru.
             Shot with an arrow by a centaur (6 damage)
             ... on level 5 of the Dungeon on Mar 25, 2023.
             The game lasted 00:44:12 (8228 turns).

promet the Caller (Vine Stalker Wanderer)           Turns: 8228, Time: 00:44:12

Health: -3/33      AC:  4    Str: 21    XL:     7   Next: 16%
Magic:  0/14       EV: 11    Int: 14    God:    Ru [......]
Gold:   94         SH:  0    Dex: 13    Spells: 10/14 levels left

rFire   . . .      SeeInvis .   a - +0 long sword (vorpal)
rCold   . . .      Faith    .   (no shield)
rNeg    . . .      Spirit   +   e - +0 leather armour
rPois   .          Reflect  .   (no helmet)
rElec   .          Harm     .   (no cloak)
rCorr   .          Rampage  .   r - +0 pair of gloves
Will    .....                   (no boots)
Stlth   ++........              (no amulet)
HPRegen 0.91/turn               j - +6 ring of strength
MPRegen 0.14/turn               (no ring)

@: very slightly contaminated
A: fangs 2, regeneration 1, magic shield, antimagic bite, no potion heal 2
a: Renounce Religion


You were on level 5 of the Dungeon.
You worshipped Ru.
Ru was noncommittal.
You visited 1 branch of the dungeon, and saw 5 of its levels.

You collected 217 gold pieces.
You spent 123 gold pieces at shops.

Inventory:

Hand Weapons
 a - a +0 vorpal long sword (weapon)
 b - a +1 sling of flaming
 c - a +1 short sword of protection
 d - a +0 whip
 l - a +0 dagger of flaming
 m - a +3 short sword
 o - a +0 falchion
 t - a +0 trident
Missiles
 h - 63 stones
 s - 5 curare-tipped darts (quivered)
Armour
 e - a +0 leather armour (worn)
 r - a +0 pair of gloves (worn)
Jewellery
 g - a ring of positive energy
 j - a +6 ring of strength (left hand)
 u - an amulet of magic regeneration
Scrolls
 v - a scroll of silence
Potions
 i - a potion of curing
 p - 2 potions of heal wounds
 z - a potion of mutation


   Skills:
 * Level 1.4 Fighting
 + Level 0.8(1.3) Short Blades
 + Level 1.4(1.5) Long Blades
 + Level 0.5 Ranged Weapons
 + Level 3.1 Throwing
 + Level 2.1 Armour
 + Level 0.6 Dodging
 + Level 2.1 Stealth
 + Level 4.0 Spellcasting
 + Level 4.8 Summonings


You had 10 spell levels left.
You knew the following spells:

 Your Spells              Type           Power      Damage    Failure   Level
a - Summon Small Mammal   Summ           64%        N/A       3%          1
b - Call Canine Familiar  Summ           16%        N/A       9%          3

Your spell library contained the following spells:

 Spells                   Type           Power      Damage    Failure   Level


Dungeon Overview and Level Annotations

Branches:
Dungeon (5/15)             Temple (0/1) D:5

Altars:
Gozag
Ru
Zin

Shops:
D:3 [   D:4 ?


Innate Abilities, Weirdness & Mutations

You have extremely sharp teeth.
Your natural rate of healing is unusually fast.
When hurt, damage is shared between your health and your magic reserves.
Your bite disrupts and absorbs the magic of your enemies.
Potions cannot restore your health.


Message History

The spell is quite dangerous to miscast (9% risk of failure)!
Continue anyway?
Okay, then.
Okay, then.
Magic courses through your body. Something hits your quokka.
Something kicks your quokka.
Casting: Call Canine Familiar (quite dangerous; 9% risk of failure)
Confirm with . or Enter, or press ? or * to list all spells.
The spell is quite dangerous to miscast (9% risk of failure)!
Continue anyway?
You miscast Call Canine Familiar.
You are very lightly contaminated with residual magic.
Nothing appears to happen.
An orc wizard comes into view. It is wielding a +0 dagger.
The centaur wields a +0 shortbow.
The centaur shoots an arrow.
The arrow barely misses you.
Your quokka barely misses the centaur.
What are your orders? t - Shout!
Orders for allies: a - Attack new target. p - Attack previous target. r - Retreat! s - Stop attacking. g - Guard the area. f - Follow me.
Anything else - Cancel.
Gang up on whom?
Press: ? - help, Dir - move target, f/p - centaur
Aim: a centaur, wielding a +0 shortbow (moderately wounded, ally target) Attack!
The centaur unwields a +0 shortbow.
The centaur hits your quokka.
Your quokka dies!
Your quokka's corpse disappears in a puff of smoke!
Casting: Call Canine Familiar (quite dangerous; 9% risk of failure)
Confirm with . or Enter, or press ? or * to list all spells.
The spell is quite dangerous to miscast (9% risk of failure)!
Continue anyway?
An orc priest comes into view. It is wielding a +0 hand axe.
Something hits you but does no damage.
Deactivating autopickup; reactivate with Ctrl-A.
The centaur wields a +0 shortbow.
The centaur shoots an arrow.
The arrow hits you!
* * * LOW HITPOINT WARNING * * *
Casting: Call Canine Familiar (quite dangerous; 9% risk of failure)
Confirm with . or Enter, or press ? or * to list all spells.
You don't have enough magic to cast this spell.
The centaur shoots an arrow.
The arrow hits you.
You die...

*,,,,.................#.....
*******#...§............#...
**#.{....÷.#.....#...
#..o...###.....#...
###..#..###.####...
#.oc....#### ####
##o§§#...#** #.h..#.....**
#.@..#......* ##.....###..#
###.#.# *### *####


You could see a centaur, an orc priest, 2 orc wizards and a friendly hound
(summoned).

Vanquished Creatures
  A phantom (D:4)
  A scorpion (D:4)
  2 orc priests (D:3)
  2 adders
  2 orcs
  3 ball pythons
  4 bats
  5 endoplasms
  2 giant cockroaches
  4 goblins
  4 hobgoblins
  2 jackals
  9 kobolds
  2 quokkas
  2 frilled lizards
  5 rats
50 creatures vanquished.

Vanquished Creatures (collateral kills)
  A phantom (D:4)
  A necrophage (D:4)
  A jelly (D:4)
  Terence (D:2)
  3 adders
  5 orcs (D:3)
  A bat (D:3)
  3 endoplasms
  5 goblins
  2 hobgoblins
  5 jackals
  A quokka (D:4)
  2 frilled lizards
  A kobold (D:2)
  A rat (D:3)
33 creatures vanquished.

Grand Total: 83 creatures vanquished

Notes
Turn   | Place    | Note
-------+----------+-------------------------------------------
     0 | D:1      | promet the Vine Stalker Wanderer began the quest for the
                  | Orb.
     0 | D:1      | promet set off with the following items: a +0 vorpal
                  | dagger, 4 curare-tipped darts, a +0 pair of gloves, a
                  | scroll of fear, a +0 leather armour; and the following
                  | spell memorised: Summon Small Mammal; and the following
                  | spells available to memorise: Call Canine Familiar.
     0 | D:1      | Reached XP level 1. HP: 10/10 MP: 4/4
   423 | D:1      | Reached XP level 2. HP: 10/14 MP: 6/6
  1716 | D:2      | Reached XP level 3. HP: 18/18 MP: 3/7
  2401 | D:2      | Noticed Terence
  3363 | D:2      | Killed Terence
  3364 | D:2      | Gained mutation: Your natural rate of healing is unusually
                  | fast. [Vine Stalker growth]
  3364 | D:2      | Reached XP level 4. HP: 22/22 MP: 5/9
  3723 | D:3      | Found Leyv's Armour Boutique.
  4161 | D:3      | Learned a level 3 spell: Call Canine Familiar
  4348 | D:3      | Found a faded altar of an unknown god.
  4622 | D:3      | Reached XP level 5. HP: 25/25 MP: 10/10
  5575 | D:3      | Noticed a phantom
  5978 | D:3      | Noticed a phantom
  6412 | D:4      | Reached XP level 6. HP: 29/30 MP: 6/12
  6725 | D:4      | Found an opulent altar of Gozag.
  6725 | D:4      | Found a sacrificial altar of Ru.
  6737 | D:4      | Became a worshipper of Ru the Awakened
  6773 | D:4      | Reached skill level 1 in Long Blades
  7122 | D:4      | Found a glowing silver altar of Zin.
  7122 | D:4      | Noticed an angel
  7279 | D:4      | Reached XP level 7. HP: 33/33 MP: 8/14
  7444 | D:4      | Found Reocvu's Magic Scroll Boutique.
  7455 | D:4      | Bought a scroll of silence for 123 gold pieces
  7727 | D:5      | Entered Level 5 of the Dungeon
  8226 | D:5      | HP: 1/33 [centaur/arrow (8)]
  8228 | D:5      | Shot with an arrow by a centaur

Illustrated notes

Levels and vault maps discovered:
D:1:      wheals_arrival_linesprint, layout_loops_ring
D:2:      layout_basic, chequers_serial_rivers_micro_a, uniq_terence
D:3:      minmay_bubble_buster, layout_basic, basic_ecumenical_altar,
          serial_shops, shop
D:4:      layout_gridville, gammafunk_temple_overflow_pools, zin_angel,
          serial_shops, nicolae_diamond_shop, st_stairs_7, roderic_lattice_a,
          nrook_loot_triangle
D:5:      nicolae_cairo_tiling_large_dashed, layout_cave_pools,
          minmay_temple_entry_offerings

Skill      XL: |  1  2  3  4  5  6 |
---------------+-------------------+-----
Throwing       | 3 |  3.1
Spellcasting   | 3 4 |  4.0
Summonings     | 3 4 |  4.8
Armour         | 2 |  2.1
Stealth        | 2 |  2.1
Long Blades    | 1 |  1.4
Fighting       | |  1.4
Short Blades   | |  0.8
Ranged Weapons | |  0.5
Dodging        | |  0.6

Action                   |  1- 3 |  4- 6 |  7- 9 || total
-------------------------+-------+-------+-------++-------
Melee: Dagger            |    48 |       |       ||    48
       Bite              |    13 |    23 |     2 ||    38
       Falchion          |    27 |       |       ||    27
       Punch             |     1 |       |     1 ||     2
       Short sword       |       |    39 |       ||    39
       Long sword        |       |    52 |    11 ||    63
       Trident           |       |     2 |       ||     2
 Fire: Sling             |       |     7 |     2 ||     9
Throw: Stone             |     5 |       |       ||     5
       Dart              |     1 |     7 |       ||     8
 Cast: Summon Small Mamm |    44 |    69 |     6 ||   119
       Call Canine Famil |       |     6 |     4 ||    10
  Use: Scroll            |     4 |     9 |     6 ||    19
       Potion            |       |       |     2 ||     2
 Stab: Sleeping          |     2 |       |       ||     2
       Distracted        |     1 |     1 |       ||     2
Armor: Leather armour    |    35 |    55 |     3 ||    93
Dodge: Dodged            |    67 |    85 |     8 ||   160
